 Dungeon Crawl Stone Soup version 0.19.1-1-g22dce08 (webtiles) character file.

2 galech the Magician (level 1, -2/11 HPs)
             Began as an Octopode Wanderer on Jan 5, 2017.
             Slain by a frilled lizard (3 damage)
             ... on level 1 of the Dungeon.
             The game lasted 00:00:47 (118 turns).

galech the Magician (Octopode Wanderer)              Turns: 118, Time: 00:00:47

Health: -2/11      AC:  1    Str: 10    XL:     1   Next: 40%
Magic:  5/5        EV:  9    Int: 15    God:
Gold:   11         SH:  7    Dex: 11    Spells: 0 memorised, 8 levels left

rFire  . . .     SeeInvis .     d - +0 dagger
rCold  . . .     Gourm    .     a - +0 shield
rNeg   . . .     Faith    .     (helmet restricted)
rPois  .         Spirit   .     e - amulet of inaccuracy (curse)
rElec  .         Reflect  .     (no ring)
rCorr  .         Harm     .     (no ring)
MR     .....                    (no ring)
Stlth  ++........               (no ring)
                                (no ring)
                                (no ring)
                                (no ring)
                                (no ring)

@: no status effects
A: almost no armour, stealthy swim, amphibious, 8 rings, constrict 8, camouflage
1, gelatinous body 1
a: no special abilities


You were on level 1 of the Dungeon.
You were not hungry.

You visited 1 branch of the dungeon, and saw 1 of its levels.

You collected 11 gold pieces.

Inventory:

Hand Weapons
 d - a +0 dagger (weapon)
Armour
 a - a +0 shield (worn)
Jewellery
 e - a cursed amulet of inaccuracy (around mantle)
Books
 b - the Tome of Weightlessness

   Spells                             Type                      Level
   a - Shock                          Conjuration/Air              1
   b - Mephitic Cloud                 Conjuration/Poison/Air       3
 c - the Reference Book on Earth

   Spells                             Type                      Level
   a - Sandblast                      Earth                        1
   b - Stone Arrow                    Conjuration/Earth            3
Comestibles
 f - a bread ration
 g - a chunk of flesh


   Skills:
 + Level 1.0 Shields
 + Level 4.1 Spellcasting
   Level 2.0 Transmutations
   Level 2.0 Fire Magic
   Level 1.1 Evocations


You had 8 spell levels left.
You didn't know any spells.

Dungeon Overview and Level Annotations

Branches:
Dungeon (1/15)

Altars:


Innate Abilities, Weirdness & Mutations

You cannot wear most types of armour.
You are very stealthy in the water. (Stealth+)
You are amphibious.
You can wear up to eight rings at the same time.
You can use your tentacles to constrict eight enemies at once.
Your skin changes colour to match your surroundings (Stealth+).
Your rubbery body absorbs attacks. (AC +1, EV +1)


Message History

You are too injured to fight recklessly!
You are too injured to fight recklessly!
You are too injured to fight recklessly!
You barely miss the frilled lizard. Your grab misses the frilled lizard.
You block the frilled lizard's attack.
You closely miss the frilled lizard. Your grab misses the frilled lizard.
Your squeeze misses the frilled lizard. The frilled lizard misses you.
You miss the frilled lizard. Your grab misses the frilled lizard.
The frilled lizard bites you.
* * * LOW HITPOINT WARNING * * *
You closely miss the frilled lizard. Your grab misses the frilled lizard.
The frilled lizard bites you.
* * * LOW HITPOINT WARNING * * *
You miss the frilled lizard. Your grab misses the frilled lizard.
You block the frilled lizard's attack.
You closely miss the frilled lizard. Your grab misses the frilled lizard.
You block the frilled lizard's attack.
You miss the frilled lizard. Your grab misses the frilled lizard.
The frilled lizard bites you.
You die...

.. #.# . #.. .# .. ..# .# #..
.. .# ########## #..#.###.###
#≈§≈≈§§§§## #.#.l.....#..
≈≈§.<.§§≈≈# #...@........
..........# #.#.....#.#.#
+##....##+# #.#.#.#.#.#.#.#
##''## #...........#.# #....#
##..#.........# .#
###....########......#..#.##.#
....#.....≈§§###...>.#.......#.
§......#...≈§§≈#...............
§#..#...#...≈≈....#............


You could see a frilled lizard.

Vanquished Creatures
  A kobold (D:1)
  2 bats (D:1)
3 creatures vanquished.

Notes
Turn   | Place    | Note
-------+----------+-------------------------------------------
     0 | D:1      | galech the Octopode Wanderer began the quest for the Orb.
     0 | D:1      | galech set off with: a +0 shield, the Tome of Weightlessness, the Reference Book on Earth, a +0 dagger, a bread ration
     0 | D:1      | Reached XP level 1. HP: 11/11 MP: 5/5
   118 | D:1      | Slain by a frilled lizard

Action                   || total
-------------------------++-------
Melee: Dagger            ||    24
       Constrict         ||     5
       Tentacles         ||     1
Armor: Skin              ||     6
Dodge: Dodged            ||     8
Block: Shield            ||    16
